[Event "Late-Titled-Tuesday-Blitz-February-06-2024"]
[Site "Chess.com"]
[Date "2024.02.06"]
[Round "2"]
[White "AmanteDeMoi"]
[Black "VladimirKramnik"]
[Result "0-1"]
[WhiteElo "2602"]
[BlackElo "2924"]
[TimeControl "180+1"]
[EndTime "14:18:34 PST"]
[Termination "VladimirKramnik won by resignation"]

1. Nf3 Nf6 2. e3 c5 3. b3 g6 4.
Bb2 Bg7 5. Be2 O-O 6. O-O Nc6 7.
c4 b6 8. d4 cxd4 9. Nxd4 Bb7 10. Nc3 Nxd4 11. exd4 d5 12. c5 bxc5 13. dxc5 Ne4 14.
Nxe4 Bxb2 15. Rb1 Ba3 16. b4 dxe4 17. Qb3 Qd2 18. Bc4 Bxb4 19. Qxb4 Qxb4 20. Rxb4 Bc6 21. Bb5 Rab8 22. Rfb1 Rfd8 23. Kf1 Bd5 24. c6 Rdc8 25. Rc1 Bxc6 26. Ke1 e3 27. fxe3 Bxg2 28. Rxc8+ Rxc8 29.
Be2 Bd5 30. Ra4 Rc7 31. Ra5 Be6 32. Kd2 Kg7 33. a3 Kf6 34. e4 g5 35. Ke3 h6 36.
e5+ Kg7 37. Bd3 h5 38. Kd4 g4 39. Ke3 h4 40. Kf4 Rc3 41. Be4 Rc4 42. Ke3 g3 43. hxg3 h3 44. Rxa7 Rxe4+ 45. Kxe4 h2 46. Rxe7 h1=Q+ 47. Kf4 Qf1+ 0-1

[Event "Late-Titled-Tuesday-Blitz-February-06-2024"]
[Site "Chess.com"]
[Date "2024.02.06"]
[Round "2"]
[White "Mackster23"]
[Black "Grindaveci"]
[Result "1-0"]
[WhiteElo "2757"]
[BlackElo "2438"]
[TimeControl "180+1"]
[EndTime "14:18:34 PST"]
[Termination "Mackster23 won on time"]

1. e4 e5 2. Nf3 Nc6 3. Bb5 a6 4. Ba4 Nf6 5. O-O Be7 6. d3 b5 7. Bb3 d6 8. a3 O-O 9. Nc3 Bd7 10.
Nd5 Nxd5 11. Bxd5 Rb8 12. c3 Bf6 13. a4 Ne7 14. Bb3 b4 15. a5 Bg4 16. Bc4 Bc8 17.
cxb4 Rxb4 18. Qc2 c6 19. Bd2 Rb8 20. b4 d5 21. Bb3 Qd6 22. h3 Rd8 23. Rac1 Be6 24. Rfd1 h6 25. Be1 Rb7 26. Ba4 Rdb8 27. Nh2 Bg5 28. Rb1 h5 29. Nf3 Bh6 30. d4 exd4 31. e5 Qd7 32. Nxd4 Rc7 33. Qc5 Ng6 34.
Bxc6 Qc8 35. Qd6 Bf4 36. Bxd5 Bxe5 37. Bxe6 Bxd6 38. Bxc8 Rbxc8 39. b5 Rc5 40. b6 Be5 41. Nf3 Bf6 42. Bb4 Rb5 43. Bd6 1-0

[Event "Late-Titled-Tuesday-Blitz-February-06-2024"]
[Site "Chess.com"]
[Date "2024.02.06"]
[Round "2"]
[White "pooh2012"]
[Black "BebeBonito2022"]
[Result "1-0"]
[WhiteElo "2531"]
[BlackElo "2318"]
[TimeControl "180+1"]
[EndTime "14:18:36 PST"]
[Termination "pooh2012 won on time"]

1. d4 Nf6 2. c4 e6 3. Nc3 Bb4 4. Qc2 O-O 5. a3 Bxc3+ 6. Qxc3 b6 7. Bg5 Ba6 8. e3 d6 9. Bd3 Nbd7 10. Ne2 c5 11. O-O Rc8 12. Rac1 cxd4 13. Qxd4 Nc5 14. Bc2 e5 15. Qh4 h6 16. Bxf6 Qxf6 17. Qxf6 gxf6 18. Nc3 Bxc4 19. Rfd1 Rfd8 20. b4 Nb3 21. Rb1 Be6 22.
Rd3 Bf5 23. e4 Nd4 24. Bd1 Bg6 25. Nd5 Kg7 26. f3 f5 27. Re3 fxe4 28. fxe4 f5 29. Ne7 Rc7 30. Nxg6 Kxg6 31. exf5+ Nxf5 32. Rd3 d5 33. Bg4 e4 34. Rd2 e3 35. Rd3 d4 36. Rf1 Nd6 37. Bf3 Nc4 38. Rc1 Rdc8 39. Re1 Ne5 40.
Rxd4 Nxf3+ 41. gxf3 Re7 42. Rg4+ 1-0

[Event "Late-Titled-Tuesday-Blitz-February-06-2024"]
[Site "Chess.com"]
[Date "2024.02.06"]
[Round "2"]
[White "sari07"]
[Black "Witik"]
[Result "0-1"]
[WhiteElo "2435"]
[BlackElo "2751"]
[TimeControl "180+1"]
[EndTime "14:18:37 PST"]
[Termination "Witik won on time"]

1. d4 Nf6 2. Nc3 d5 3. Bf4 e6 4.
Nb5 Na6 5. e3 Be7 6. Nf3 O-O 7.
Be2 c6 8. Nc3 c5 9. O-O Nb4 10.
Ne5 Nc6 11. Nxc6 bxc6 12. dxc5 Bxc5 13. Na4 Bd6 14. Bg5 Qc7 15. Bxf6 gxf6 16. g3 Kh8 17. c4 Rg8 18. f4 e5 19. c5 Be7 20. Bh5 Rg7 21. Rc1 Bh3 22. Rf2 d4 23. Qf3 f5 24.
fxe5 Qxe5 25. exd4 Qxd4 26. Qc3 Bf6 27. Qb3 f4 28. Rd1 fxg3 29. Rxd4 gxf2+ 30. Kxf2 Bxd4+ 31. Kf3 Re8 32. Qd3 Bg2+ 33. Kf4 Re4+ 34. Qxe4 Bxe4 35. Kxe4 Bg1 36. h3 Rg2 37. Bg4 Rf2 38. Kd3 Rh2 39. a3 h5 40. Bf5 Rf2 41. Bd7 Rf3+ 0-1

[Event "Late-Titled-Tuesday-Blitz-February-06-2024"]
[Site "Chess.com"]
[Date "2024.02.06"]
[Round "2"]
[White "Mikayel99"]
[Black "tptagain"]
[Result "0-1"]
[WhiteElo "2527"]
[BlackElo "2945"]
[TimeControl "180+1"]
[EndTime "14:18:37 PST"]
[Termination "tptagain won by checkmate"]

1. e4 c6 2. Nc3 d5 3. Nf3 Bg4 4.
h3 Bxf3 5. Qxf3 e6 6. Be2 Nf6 7.
d4 dxe4 8. Qe3 Bb4 9. Bd2 Bxc3 10. bxc3 O-O 11. O-O Nbd7 12. Rab1 b6 13. c4 c5 14. c3 Qc7 15. a4 Rfe8 16. f3 exf3 17. Bxf3 Rac8 18.
Be2 cxd4 19. cxd4 e5 20. d5 Qc5 21. a5 Ne4 22. Qxc5 Ndxc5 23. Bb4 Ng3 24. Rfe1 Nxe2+ 25. Rxe2 Nd7 26. Rc2 f6 27. a6 Kf7 28. Bd6 Kg6 29.
Kf2 Nc5 30. Bxc5 Rxc5 31. Rb5 Rxb5 32. cxb5 Rd8 33. Rc7 Rxd5 34. Rxa7 Rxb5 35. Rb7 Rb3 36. a7 Ra3 37. g4 b5 38. Ke2 b4 39. Kd2 e4 40. h4 b3 41. Ke3 b2+ 42. Kxe4 Rxa7 43. Rxb2 Ra3 44. Kf4 h5 45. gxh5+ Kxh5 46. Rg2 g6 47.
Rg1 Ra4+ 48. Kf3 Rxh4 49. Rc1 f5 50. Rc8 Ra4 51. Rc1 g5 52. Rh1+ Kg6 53. Rh8 Ra3+ 54. Kf2 f4 55. Rf8 Kh5 56. Rb8 Kg4 57. Kg2 Ra2+ 58.
Kg1 Kg3 59. Rb1 f3 60. Rf1 Rg2+ 61. Kh1 Rh2+ 62. Kg1 f2+ 63. Rxf2 Rxf2 64. Kh1 Rf1# 0-1

[Event "Late-Titled-Tuesday-Blitz-February-06-2024"]
[Site "Chess.com"]
[Date "2024.02.06"]
[Round "2"]
[White "FrankDux44"]
[Black "rezamahdavi2008"]
[Result "0-1"]
[WhiteElo "2552"]
[BlackElo "2835"]
[TimeControl "180+1"]
[EndTime "14:18:38 PST"]
[Termination "rezamahdavi2008 won by resignation"]

1. e4 c5 2. Nc3 Nc6 3. g3 g6 4. Bg2 Bg7 5. d3 e6 6. Be3 d6 7.
Qd2 Nd4 8. Nd1 e5 9. c3 Nc6 10. Ne2 Nge7 11. Bh6 O-O 12. h4 f6 13. Bxg7 Kxg7 14.
h5 g5 15. h6+ Kh8 16. f4 gxf4 17. gxf4 Rg8 18. Ne3 Be6 19. Bf3 d5 20. f5 Bf7 21.
Kf2 d4 22. Ng4 Qd6 23. c4 Rg5 24. Rag1 Rag8 25. b3 Nc8 26. Rg2 Bh5 27. Rhg1 Qf8 28. a3 Bxg4 29. Rxg4 Qxh6 30. Rxg5 Rxg5 31. Rxg5 fxg5 32.
b4 Qh4+ 33. Kf1 b6 34. bxc5 bxc5 35. Qb2 Nd6 36. Bg2 g4 37. Qc2 Qe7 38. Qa4 Qb7 39.
Ng3 Qb1+ 40. Kf2 Qb2+ 41. Kg1 Qc1+ 42. Kh2 Qh6+ 43. Kg1 Nf7 44. f6 Qxf6 45. Nf5 Nh6 46. Qb5 Nxf5 47. exf5 Ne7 48. Be4 Nxf5 49. Qe8+ Kg7 50.
Qd7+ Kg6 51. Qxa7 Kg5 52. Qxc5 Ne3 53. Bg2 g3 54. Kh1 Nxg2 0-1

[Event "Late-Titled-Tuesday-Blitz-February-06-2024"]
[Site "Chess.com"]
[Date "2024.02.06"]
[Round "2"]
[White "prime-morty"]
[Black "kuli4ik"]
[Result "0-1"]
[WhiteElo "2568"]
[BlackElo "2860"]
[TimeControl "180+1"]
[EndTime "14:18:41 PST"]
[Termination "kuli4ik won by checkmate"]

1. c4 g6 2. Nc3 Bg7 3. g3 c5 4.
Bg2 d6 5. a3 Bxc3 6. bxc3 Nc6 7. Rb1 Qd7 8. Qa4 Nf6 9. d3 Nd8 10. Qxd7+ Kxd7 11. Nh3 Rb8 12. Bg5 Ne8 13. Bd2 b6 14. Nf4 Bb7 15. e4 e6 16. h4 h6 17.
O-O Nc6 18. Be3 Ke7 19. Rfd1 Nf6 20. f3 Nd7 21. Nh3 Nde5 22. Nf2 Na5 23. f4 Nd7 24. g4 h5 25. g5 Bc6 26. Bh3 Rb7 27. Re1 Rhb8 28.
f5 Ne5 29. Kg2 exf5 30. Bf4 Kf8 31. Kg3 fxe4 32. Bxe5 dxe5 33. Nxe4 Rd8 34. Rbd1 Re7 35. Nf6 Ba4 36. Nd5 Bxd1 37. Nxe7 Rxd3+ 38. Kh2 Kxe7 39. Rxe5+ Kf8 40. Bf1 Rd2+ 41. Kg3 Bg4 42. Re3 Be6 43. Kf4 Bxc4 44. Bh3 Rf2+ 45. Ke5 Rd2 46. Kf6 Nc6 47. a4 Rd6+ 48. Be6 Bxe6 49. a5 Bd5+ 50. Re6 Rxe6# 0-1

[Event "Late-Titled-Tuesday-Blitz-February-06-2024"]
[Site "Chess.com"]
[Date "2024.02.06"]
[Round "2"]
[White "ATM622"]
[Black "campochess"]
[Result "1-0"]
[WhiteElo "2449"]
[BlackElo "2084"]
[TimeControl "180+1"]
[EndTime "14:18:41 PST"]
[Termination "ATM622 won by resignation"]

1. d4 Nf6 2. c4 e6 3. g3 c6 4. Bg2 d5 5. Nf3 Bb4+ 6. Bd2 a5 7. a3 Bxd2+ 8. Nbxd2 Nbd7 9. O-O O-O 10. Qc2 b5 11. b3 a4 12. cxb5 cxb5 13. Ne5 Nxe5 14. dxe5 Nd7 15. e4 d4 16. Nf3 axb3 17.
Qxb3 Qb6 18. Rfd1 Ra4 19. Rab1 Qa7 20. Qxb5 Rxa3 21. Nxd4 Ba6 22. Qb4 Ra2 23. Nc6 Qc7 24. Rbc1 Qb6 25. Qxb6 Nxb6 26. Ra1 Bc4 27. Rxa2 Bxa2 28.
Ra1 Bc4 29. Rb1 Nd7 30. f4 g6 31. Rd1 Nb6 32. f5 Ra8 33. f6 g5 34. Ne7+ Kh8 35. Bf1 h5 36. Bg2 Kh7 37. Rb1 Na4 38. Rb4 Bd3 39.
Kf2 Nc5 40. Ke3 Ba6 41. Kd4 Nd3 42. Ra4 Ne1 43. Bf1 Bb7 44. Rxa8 Bxa8 45. Be2 Ng2 46.
Bxh5 Kh6 47. Bxf7 g4 48. Bxe6 Kg5 49. f7 1-0

[Event "Late-Titled-Tuesday-Blitz-February-06-2024"]
[Site "Chess.com"]
[Date "2024.02.06"]
[Round "2"]
[White "kai_nov"]
[Black "Dinamo3"]
[Result "0-1"]
[WhiteElo "2297"]
[BlackElo "2523"]
[TimeControl "180+1"]
[EndTime "14:18:43 PST"]
[Termination "Dinamo3 won on time"]

1. d4 Nf6 2. c4 g6 3. f3 Bg7 4. e4 d6 5. Nc3 O-O 6. Bg5 Nc6 7. Nge2 a6 8. Qd2 Rb8 9. Rc1 Bd7 10. Nd1 h5 11. Nf2 Nh7 12. Bh6 e5 13. Bxg7 Kxg7 14. d5 Ne7 15. c5 f5 16. b4 Rc8 17. Nc3 Ng8 18. Bd3 f4 19. c6 bxc6 20. dxc6 Bxc6 21. Bxa6 Rb8 22. Nd5 Bxd5 23. exd5 Nhf6 24. O-O Rb6 25. Bc4 Qa8 26. Bb3 Ne7 27. Rxc7 Rf7 28. a4 Nf5 29. Rxf7+ Kxf7 30. Rc1 Rb7 31. b5 Nd4 32. Qd3 Kg7 33. Ne4 Nxe4 34. fxe4 Qa7 35. Kh1 Qa5 36. h3 Rf7 37.
Qc3 Qb6 38. Bd1 f3 39. Bxf3 Nxf3 40. gxf3 Qf2 41. Rc2 Qf1+ 42. Kh2 Rxf3 43. Qxf3 Qxf3 44. b6 Qf4+ 45. Kg1 Qe3+ 46. Kh2 Qf4+ 47. Kg1 Qxe4 0-1

[Event "Late-Titled-Tuesday-Blitz-February-06-2024"]
[Site "Chess.com"]
[Date "2024.02.06"]
[Round "2"]
[White "SocoLoco"]
[Black "vladoboch"]
[Result "0-1"]
[WhiteElo "2181"]
[BlackElo "2472"]
[TimeControl "180+1"]
[EndTime "14:18:44 PST"]
[Termination "vladoboch won on time"]

1. e4 c5 2. c3 Nf6 3. e5 Nd5 4.
d4 cxd4 5. cxd4 Nc6 6. Nc3 Nxc3 7.
bxc3 e6 8. Nf3 d6 9. exd6 Bxd6 10. Be2 O-O 11. O-O e5 12. Re1 exd4 13. cxd4 Bg4 14.
h3 Bxf3 15. Bxf3 Nxd4 16. Bxb7 Rb8 17. Be4 Qf6 18. Be3 Nb5 19. Rc1 Rfd8 20. Qf3 Qe5 21.
g3 Nd4 22. Bxd4 Qxd4 23. Rcd1 Qc5 24. Rd5 Qb4 25. Red1 Be7 26. Rxd8+ Bxd8 27. Bd5 Bf6 28. Bb3 h6 29. Rd7 Rf8 30. Qd5 Be7 31. Qf5 Qc5 32. Bd5 Bf6 33. g4 Qb6 34. Kg2 g6 35. Qd3 Kg7 36.
Bf3 a5 37. Qd5 Qa6 38. Kg3 a4 39. h4 a3 40. Kh3 Bb2 41. g5 hxg5 42. hxg5 Rh8+ 43.
Kg3 Rf8 44. Kg2 Qb6 45. Bg4 Bd4 46. Be6 Bxf2 47. Rxf7+ Rxf7 48. Bxf7 Qe3 0-1

[Event "Late-Titled-Tuesday-Blitz-February-06-2024"]
[Site "Chess.com"]
[Date "2024.02.06"]
[Round "2"]
[White "NovakRatko"]
[Black "UnTucopalaTimba"]
[Result "0-1"]
[WhiteElo "2402"]
[BlackElo "1959"]
[TimeControl "180+1"]
[EndTime "14:18:44 PST"]
[Termination "UnTucopalaTimba won on time"]

1. d4 Nf6 2. c4 e6 3. a3 d5 4. Nc3 Nc6 5. f3 dxc4 6. e3 Be7 7. Bxc4 O-O 8. Nge2 Nd5 9. e4 Nxc3 10. bxc3 a6 11. Qd3 b5 12. Ba2 Bb7 13. Be3 Ne5 14.
Qc2 Ng6 15. O-O Rc8 16. a4 c5 17. axb5 cxd4 18. Nxd4 Bc5 19. Qb3 e5 20. Nf5 Bxe3+ 21. Nxe3 Qb6 22. Rfe1 axb5 23. Kh1 Qc5 24. Rac1 Nf4 25.
Bb1 Rfd8 26. c4 b4 27. g3 Ne6 28. Qb2 Nd4 29. Kg2 Qc6 30. Nd5 Re8 31. Qxb4 Qf6 32.
Qc3 Bxd5 33. exd5 Qg5 34. Be4 Qh5 35. Qe3 Ra8 36. Rf1 Ra2+ 37. Rf2 Rxf2+ 38. Qxf2 Ra8 39. c5 Ra3 40. c6 Qg5 41. c7 Qxc1 42. h4 Qxc7 43.
g4 Qa5 44. Kg3 Ra2 45. Qe1 Qxe1+ 0-1

[Event "Late-Titled-Tuesday-Blitz-February-06-2024"]
[Site "Chess.com"]
[Date "2024.02.06"]
[Round "2"]
[White "jcibarra"]
[Black "EsmeraldasAnderson03"]
[Result "1-0"]
[WhiteElo "2881"]
[BlackElo "2403"]
[TimeControl "180+1"]
[EndTime "14:18:45 PST"]
[Termination "jcibarra won by resignation"]

1. e4 c5 2. Nf3 d6 3. c3 Nf6 4. h3 Nc6 5. Bd3 e6 6. Bc2 Be7 7. O-O O-O 8. d4 cxd4 9. cxd4 Nb4 10. Nc3 Nxc2 11. Qxc2 b6 12. Bg5 h6 13. Bh4 Ba6 14.
Rfe1 d5 15. e5 Nh5 16. Bxe7 Qxe7 17. Rac1 Nf4 18. Re3 Rac8 19. Qa4 Be2 20. Re1 Bxf3 21. Rxf3 Rc4 22. Qd1 Ng6 23. a3 a6 24. g3 b5 25. h4 b4 26. Na4 bxa3 27. Rxa3 Qb4 28. Rd3 Qxa4 29. b3 Qb4 30. bxc4 dxc4 31. Qd2 Qb5 32. Ra3 Rd8 33. Qa5 Rxd4 34. Qxa6 Qd5 35. Qa8+ Kh7 36. Ra5 Qxa8 37. Rxa8 Rd5 38. f4 Ne7 39. Ra7 Nf5 40. Rxf7 Nxg3 41. Re7 Nf5 42. Rxe6 Nxh4 43. Kf2 Rd2+ 44. Re2 c3 45. Rxd2 cxd2 46. Rd6 d1=Q 47. Rxd1 Kg6 48. Rg1+ Kf5 49. Rxg7 Ng6 50.
Rf7+ Ke4 51. e6 Nxf4 52. Rxf4+ Kxf4 53. e7 1-0

[Event "Late-Titled-Tuesday-Blitz-February-06-2024"]
[Site "Chess.com"]
[Date "2024.02.06"]
[Round "2"]
[White "ChEsper99"]
[Black "Road2GM3000"]
[Result "1-0"]
[WhiteElo "2236"]
[BlackElo "2484"]
[TimeControl "180+1"]
[EndTime "14:18:46 PST"]
[Termination "ChEsper99 won by resignation"]

1. e4 c5 2. Nf3 d6 3. Bb5+ Bd7 4.
Bxd7+ Nxd7 5. O-O Ngf6 6. d3 e6 7. c4 Be7 8. Nc3 O-O 9. h3 Ne8 10. Be3 Nc7 11. d4 cxd4 12. Nxd4 Ne5 13. b3 Na6 14. f4 Nd7 15. Rc1 Nac5 16. Ndb5 a6 17. Nxd6 e5 18. Nf5 exf4 19. Bxf4 Bf6 20. Re1 Qb6 21.
Kh2 Rad8 22. Nd5 Qa7 23. Nxf6+ Nxf6 24. Qf3 Nd3 25. Bg5 Nxe1 26. Rxe1 Qb8+ 27. Kh1 Qe5 28. Bf4 Qe6 29. Bg5 Rde8 30. e5 Nd7 31. Qg4 h5 32.
Qf4 Nxe5 33. Nd4 f6 34. Nxe6 Rxe6 35. Qf5 Rfe8 36. Bf4 g6 37. Qc2 Nf7 38. Rxe6 Rxe6 39. Qxg6+ Kf8 40. Qxh5 Re1+ 41. Kh2 Re6 42. Bg3 Ke7 43.
Qf3 Ng5 44. Qf4 Ne4 45. Bf2 Kf8 46. Qe3 Ng5 47. Qg3 Kf7 48. Qf4 Re7 49. h4 Re4 50. Qg3 Ne6 51. Qf3 Re5 52. h5 Ng5 53. Qf4 Re4 54.
Qg3 Re8 55. Be3 Rh8 56. Bxg5 fxg5 57. Qg4 Rg8 58. Qf5+ Kg7 59. g4 Kh6 60. Qf6+ Kh7 61. Qf7+ Rg7 62. Qxg7+ Kxg7 63. Kg3 b5 64. Kf3 bxc4 65.
bxc4 1-0

[Event "Late-Titled-Tuesday-Blitz-February-06-2024"]
[Site "Chess.com"]
[Date "2024.02.06"]
[Round "2"]
[White "ChadBiryani"]
[Black "SchmakAttack"]
[Result "0-1"]
[WhiteElo "2459"]
[BlackElo "2760"]
[TimeControl "180+1"]
[EndTime "14:18:49 PST"]
[Termination "SchmakAttack won by resignation"]

1. c4 e6 2. Nc3 d5 3. cxd5 exd5 4.
d4 c6 5. Nf3 Bf5 6. Qb3 Qb6 7.
e3 Nd7 8. Be2 Ngf6 9. O-O Bd6 10. Qd1 O-O 11. h3 h6 12. a3 a5 13. Bd3 Bxd3 14.
Qxd3 Rfe8 15. Bd2 Ne4 16. Rfb1 a4 17. Be1 Qa6 18. Qc2 Ndf6 19. b3 axb3 20. Rxb3 b5 21. Nxe4 Nxe4 22. Nd2 Nf6 23. Rc3 Rec8 24. Nb3 Qb7 25.
Nd2 Qd7 26. a4 Ra6 27. Nb3 bxa4 28. Nc5 Bxc5 29. Rxc5 Rca8 30. f3 Qb7 31. Ra3 Nd7 32. Rcc3 Nb6 33. Rxc6 Nc4 34. Rxc4 dxc4 35. Qxc4 Qb2 36.
Qc5 Qb1 37. Kf2 Rb8 38. Bc3 Raa8 39. d5 Rb3 40. Qd4 f6 41. Rxa4 Qc2+ 42. Kg3 Rxa4 43. Qxa4 Rxc3 44. Qe8+ Kh7 45. e4 Qd2 46. Qe6 Qg5+ 47.
Qg4 Qxg4+ 48. hxg4 Kg6 49. Kf4 Kf7 50. g3 g6 51. e5 Rc4+ 52. Ke3 fxe5 53. Kd3 Rd4+ 54.
Ke3 Rxd5 55. Ke4 Ra5 56. f4 exf4 57. gxf4 Ke6 0-1

[Event "Late-Titled-Tuesday-Blitz-February-06-2024"]
[Site "Chess.com"]
[Date "2024.02.06"]
[Round "2"]
[White "bazar-wokzal"]
[Black "Sacbutt"]
[Result "1-0"]
[WhiteElo "2624"]
[BlackElo "2355"]
[TimeControl "180+1"]
[EndTime "14:18:49 PST"]
[Termination "bazar-wokzal won by resignation"]

1. e4 d5 2. exd5 Qxd5 3. Nc3 Qd6 4. Nf3 Nf6 5. d4 c6 6. g3 Bg4 7. Bg2 e6 8. O-O Be7 9. h3 Bxf3 10. Qxf3 Nbd7 11. Rd1 O-O 12. Bf4 Qb4 13. a3 Qxb2 14. Rdb1 Qxc2 15. Rxb7 Rfe8 16. Rc1 Qf5 17. Qxc6 Nb6 18.
a4 Rac8 19. Qb5 Qxb5 20. axb5 Ba3 21. Rc2 Nbd5 22. Rxa7 Nxc3 23. Rxa3 Nxb5 24. Rxc8 Rxc8 25. Rd3 Rd8 26. Be5 Nd7 27. Bf1 Nxe5 28. dxe5 Rxd3 29. Bxd3 Nd4 30. f4 g5 31. Kf2 gxf4 32. gxf4 Kg7 33. Ke3 Nc6 34. Be4 Ne7 35. Kf3 h5 36. h4 Nf5 37. Bxf5 exf5 38. Ke3 Kf8 39. Kd4 Ke7 40. Kc5 Ke6 41. Kd4 Ke7 42. Kc4 Ke6 43. Kc5 Ke7 44. Kd5 Kd7 45. Kc5 Ke6 46. Kc6 Ke7 47. Kc7 Ke6 48.
Kd8 f6 49. exf6 Kxf6 50. Kd7 Kf7 51. Kd6 Kf6 52. Kd5 Kf7 53. Ke5 Kg6 54. Ke6 1-0

[Event "Late-Titled-Tuesday-Blitz-February-06-2024"]
[Site "Chess.com"]
[Date "2024.02.06"]
[Round "2"]
[White "argentum049"]
[Black "Chess2Hawks"]
[Result "0-1"]
[WhiteElo "2472"]
[BlackElo "2237"]
[TimeControl "180+1"]
[EndTime "14:18:49 PST"]
[Termination "Chess2Hawks won on time"]

1. d4 Nf6 2. c4 e6 3. Nf3 d5 4.
Nc3 Be7 5. Bg5 O-O 6. Rc1 b6 7. cxd5 exd5 8. e3 Bb7 9. Bd3 Nbd7 10. Bb1 c5 11. dxc5 bxc5 12. O-O Re8 13. a3 Rc8 14.
Ba2 h6 15. Bf4 c4 16. Qc2 Nc5 17. Rfd1 Nd3 18. Rxd3 cxd3 19. Qxd3 Ne4 20. Nd4 Nxc3 21. bxc3 Bf6 22. Bb1 g6 23. Bxh6 Bg7 24. Bf4 Qa5 25.
Bd6 Qa6 26. Bb4 Qxd3 27. Bxd3 Bxd4 28. exd4 Re6 29. Bc5 Rce8 30. Kf1 a6 31. Rb1 Bc8 32. h4 Kg7 33. g3 Rd8 34. Kg2 Rd7 35. Rb8 Re8 36. Bc2 Rc7 37. Kh2 Rb7 38. Ra8 Rb2 39. Ba4 Ree2 40. Rxc8 Rxf2+ 41. Kh3 f5 42. Rc7+ Kf6 43. Rc6+ Kf7 44. Rc7+ Kf6 0-1

[Event "Late-Titled-Tuesday-Blitz-February-06-2024"]
[Site "Chess.com"]
[Date "2024.02.06"]
[Round "2"]
[White "koziororo"]
[Black "Beca95"]
[Result "1/2-1/2"]
[WhiteElo "2618"]
[BlackElo "2952"]
[TimeControl "180+1"]
[EndTime "14:18:51 PST"]
[Termination "Game drawn by repetition"]

1. e4 e5 2. Nf3 Nc6 3. Nc3 Nf6 4. a4 a6 5. Bc4 Nxe4 6. Nd5 d6 7. O-O Be7 8. Re1 Nf6 9. d4 O-O 10. dxe5 dxe5 11. Nxe5 Nxe5 12. Rxe5 Bd6 13. Re1 Nxd5 14. Bxd5 c6 15. Bf3 Be6 16. Be3 a5 17. Qd3 Qc7 18.
g3 Rad8 19. Qf1 Be5 20. c3 Rd7 21. Rad1 Rfd8 22. Rxd7 Rxd7 23. Be4 Bf6 24. Bc2 g6 25. Rd1 Bd5 26. Bc5 Rd8 27. Qe2 Qc8 28. Re1 Be6 29.
Bb6 Rd5 30. Be4 Rh5 31. Bf3 Re5 32. Qd2 Qb8 33. Rxe5 Qxe5 34. h4 h5 35. Bd4 Qf5 36. Bxf6 Qxf6 37. Be4 Qe5 38. Qd3 Kg7 39. Kg2 Qc5 40.
Bf3 Bb3 41. Qd7 Qb6 42. Qe7 Be6 43. b4 Qa6 44. Qd6 axb4 45. Qd4+ Kh7 46. Qxb4 Qa7 47. a5 Kg8 48. Qb6 Qa8 49. Be4 Kg7 50. Qc7 Qa7 51. Qe5+ Kh7 52. Qf6 Qxa5 53. Bxg6+ fxg6 54. Qe7+ Kh6 55. Qf8+ Kh7 56. Qe7+ Kh6 57. Qf8+ Kh7 58. Qe7+ 1/2-1/2

[Event "Late-Titled-Tuesday-Blitz-February-06-2024"]
[Site "Chess.com"]
[Date "2024.02.06"]
[Round "2"]
[White "jens1102"]
[Black "rasmussvane"]
[Result "1/2-1/2"]
[WhiteElo "2620"]
[BlackElo "2968"]
[TimeControl "180+1"]
[EndTime "14:18:53 PST"]
[Termination "Game drawn - insufficient material"]

1. d4 Nf6 2. c4 e6 3. Nf3 d5 4. g3 Bd6 5. Bg2 O-O 6. O-O Nc6 7.
b3 dxc4 8. bxc4 e5 9. d5 Na5 10. Nfd2 b6 11. Qc2 Bd7 12. Bb2 Qe7 13. Nc3 Rac8 14.
Rfd1 Rfe8 15. Nce4 Nxe4 16. Bxe4 g6 17. Bg2 f5 18. a3 Nb7 19. Qc3 Nc5 20. Nb3 Na4 21. Qc2 Nxb2 22. Qxb2 Ba4 23. Rdc1 h5 24. h4 Kh7 25. e3 Rg8 26. c5 bxc5 27. Na5 g5 28. hxg5 Qxg5 29. Nc6 Bxc6 30. dxc6 h4 31. Bd5 hxg3 32.
Bxg8+ Rxg8 33. f4 exf4 34. exf4 Bxf4 35. Kg2 Bxc1 36. Rxc1 Rg6 37. Rf1 Rh6 38. Qe5 Rh2+ 39. Kg1 Rh1+ 40. Kxh1 g2+ 41. Kg1 gxf1=Q+ 42. Kxf1 Qg7 43.
Qxf5+ Kh8 44. Qc8+ Kh7 45. Qf5+ Kh6 46. Qxc5 Qf6+ 47.
Ke2 Qf7 48. Qxa7 Qe6+ 49. Kd3 Qxc6 50. Qe3+ Kg6 51. Qe4+ Qxe4+ 52. Kxe4 Kf7 53. Kd5 Ke7 54. Kc6 Kd8 55. a4 Kc8 56. a5 Kb8 57. a6 Ka7 58. Kxc7 Kxa6 1/2-1/2

[Event "Late-Titled-Tuesday-Blitz-February-06-2024"]
[Site "Chess.com"]
[Date "2024.02.06"]
[Round "2"]
[White "Bilan_Danila"]
[Black "TigrVShlyape"]
[Result "0-1"]
[WhiteElo "2604"]
[BlackElo "2936"]
[TimeControl "180+1"]
[EndTime "14:18:53 PST"]
[Termination "TigrVShlyape won by resignation"]

1. d4 f5 2. Nf3 Nf6 3. Bf4 g6 4. e3 Bg7 5. c4 d6 6. Nc3 O-O 7. Be2 c5 8. dxc5 dxc5 9. O-O Nc6 10. Qxd8 Rxd8 11. Rad1 Be6 12. Ng5 Bf7 13. Nxf7 Kxf7 14.
Bf3 e5 15. Bxc6 exf4 16. Bxb7 Rxd1 17. Nxd1 Rb8 18. Bf3 fxe3 19. fxe3 Ke7 20. b3 Nd7 21.
e4 Bd4+ 22. Kh1 f4 23. g3 fxg3 24. hxg3 Ne5 25. Be2 a5 26. Nf2 Bxf2 27. Rxf2 Rd8 28. Kg2 h5 29. g4 hxg4 30. Kg3 Rd2 31. Bf1 Rd4 32. Be2 Rd2 33. Bf1 Rd1 34. Be2 Rg1+ 35. Kf4 Kf6 36. Ke3+ Ke7 37. Kf4 g3 38. Rf1 Rxf1+ 39.
Bxf1 Nd3+ 40. Kxg3 Nc1 41. Kf4 Nxa2 42. Be2 Nc1 43. Bd1 Nd3+ 44. Kg5 Ne5 45. Kf4 Kf6 46.
Bc2 g5+ 47. Kg3 Nc6 48. Kg4 Nd4 49. Bd1 Ne6 50. Kg3 Ke5 51. Kg4 Kxe4 52. Bc2+ Ke3 53.
Bf5 Nd4 54. Bd7 Nxb3 55. Kxg5 Kd4 56. Bb5 Kc3 57. Kf5 Kb4 58. Ke5 a4 59. Bxa4 Kxa4 60. Kd5 Kb4 0-1

[Event "Late-Titled-Tuesday-Blitz-February-06-2024"]
[Site "Chess.com"]
[Date "2024.02.06"]
[Round "2"]
[White "TheoSlade"]
[Black "martinmena"]
[Result "1-0"]
[WhiteElo "2462"]
[BlackElo "2160"]
[TimeControl "180+1"]
[EndTime "14:18:53 PST"]
[Termination "TheoSlade won on time"]

1. d4 d5 2. c4 e6 3. Nf3 Nf6 4. g3 Be7 5. Bg2 O-O 6. O-O dxc4 7. Qc2 a6 8. a4 Bd7 9. Qxc4 Bc6 10. Bf4 Nbd7 11. a5 Rc8 12. Nc3 Bd5 13. Nxd5 Nxd5 14. Bd2 c5 15. dxc5 Nxc5 16. Rfd1 Bf6 17. Bc3 Bxc3 18. bxc3 Qf6 19. e4 Qxc3 20. Rac1 Qxc4 21. Rxc4 b5 22. axb6 Nxb6 23. Rc2 Nxe4 24. Rb2 Nd5 25. Ne5 Nec3 26. Ra1 f6 27. Nd7 Rfd8 28. Nb6 Rc6 29.
Rxa6 Rxb6 30. Raxb6 Nxb6 31. Rxb6 Rd1+ 32. Bf1 Ne4 33. Kg2 Rd2 34. Rxe6 Nxf2 35. Kg1 Ng4 36. h3 Nh6 37. Bc4 Kf8 38. Ra6 Nf5 39. Ra8+ Ke7 40. Ra7+ Kd6 41. g4 Ng3 42. Rxg7 Rc2 43. Bd3 Rd2 44.
Bxh7 Ne2+ 45. Kf1 Nf4 46. h4 Nh3 47. Bf5 Rf2+ 48. Ke1 Rg2 49. h5 Ng5 50. h6 Nf3+ 51.
Kf1 Rh2 52. h7 1-0

[Event "Late-Titled-Tuesday-Blitz-February-06-2024"]
[Site "Chess.com"]
[Date "2024.02.06"]
[Round "2"]
[White "Godzillator"]
[Black "ameetghasi100"]
[Result "1/2-1/2"]
[WhiteElo "2429"]
[BlackElo "2738"]
[TimeControl "180+1"]
[EndTime "14:18:54 PST"]
[Termination "Game drawn by repetition"]

1. Nf3 Nf6 2. d4 g6 3. c3 Bg7 4. Bf4 O-O 5. h3 d6 6. Bh2 b6 7. e3 Bb7 8. Be2 Nbd7 9. O-O a6 10.
Nbd2 e6 11. a4 Qe7 12. Re1 e5 13. dxe5 dxe5 14. Qc2 a5 15. Rad1 Rad8 16. Nc4 Ne4 17. Ncd2 Nd6 18. Nc4 Nxc4 19. Bxc4 Bxf3 20. gxf3 Qh4 21.
Bf1 Nc5 22. b3 e4 23. Bg3 Qe7 24. Bg2 exf3 25. Bxf3 Be5 26. Bxe5 Qxe5 27. b4 Ne6 28. Bg2 Kg7 29. bxa5 Qxa5 30. c4 Qe5 31. Rd5 Qf6 32. Red1 Ra8 33. Rd7 Ra5 34. Bd5 Rc5 35. Qd2 Ng5 36.
Kg2 Qf5 37. Qd4+ Kg8 38. Qg4 Qf6 39. h4 Ne6 40. Bxe6 fxe6 41. R1d2 Rf5 42. f4 Rf7 43. Rxf7 Qxf7 44. Rd8+ Kg7 45. Qd1 Qf6 46. Qd7+ Kh6 47.
Qd4 Qxh4 48. Rd7 e5 49. Qd5 Rh5 50. Rxh7+ Kxh7 51. Qf7+ Kh6 52. Qf8+ Kh7 53. Qf7+ Kh8 54. Qf8+ Kh7 55. Qf7+ 1/2-1/2